Map: Kairos Junction LE

Players

lurkerdrop - Winner!

  • Race: Zerg Zerg
  • League: Platinum
  • Spawn Location: 11:00

Parkkatz

  • Race: Zerg Zerg
  • League: Platinum
  • Spawn Location: 5:00

VOD

Have the link to the VOD?

Description

Time

  • Played on: July 6, 2019, 9:57 p.m.
  • Length: 4:21
Show
View Real Time Build Order
Export as new Build Order

lurkerdrop Zerg - Winner!

Build Orders: Pool First, Zergling Baneling 

Get SALT Encoding   

  12  0:01  Drone  
  13  0:08  Drone  
  14  0:16  Overlord  
  14  0:34  Drone x3  
  17  0:45  Spawning Pool  
  17  0:49  Drone  
  17  0:52  Extractor  
  17  0:57  Drone  
  17  1:07  Drone  
  18  1:18  Drone  
  19  1:28  Drone  
  19  1:32  Queen  
  22  1:39  Overlord  
  22  1:54  Hatchery, Drone  
  21  2:00  Metabolic Boost  
  22  2:06  Drone  
  23  2:10  Queen  
  25  2:28  Extractor  
  24  2:31  Baneling Nest, Zergling x4  
  24  2:34  Zergling x2  
  26  2:41  Zergling x2  
  26  2:42  Zergling x4  
  29  2:56  Zergling x2  
  29  2:58  Overlord  
  30  3:07  Zergling x2  
  30  3:09  Zergling x2  
  32  3:13  Zergling x6  
  35  3:23  Zergling x2  
  35  3:24  Zergling x2  
  37  3:28  Drone  
  38  3:35  Baneling  
  38  3:36  Baneling x7  
  38  3:40  Zergling x4  
  40  3:47  Baneling  
  40  3:49  Baneling  
  40  3:53  Drone x2  
Show
View Real Time Build Order
Export as new Build Order

Parkkatz Zerg 

Build Orders: Hatch First 

Get SALT Encoding   

  12  0:02  Drone  
  13  0:16  Overlord  
  13  0:17  Drone  
  14  0:35  Drone x2  
  16  0:39  Drone  
  18  0:50  Drone  
  18  0:59  Hatchery  
  18  1:00  Drone  
  18  1:03  Extractor  
  17  1:15  Spawning Pool  
  17  1:17  Drone  
  17  1:27  Drone  
  18  1:34  Drone  
  19  1:54  Overlord  
  19  2:04  Queen  
  19  2:06  Zergling x2  
  22  2:11  Queen  
  22  2:12  Zergling x2  
  25  2:17  Metabolic Boost  
  25  2:27  Zergling x2  
  27  2:30  Drone x2  
  27  2:36  Zergling x2  
  29  2:38  Drone  
  30  2:44  Overlord  
  30  2:50  Queen  
  32  2:51  Drone  
  33  3:05  Drone x3  
  36  3:15  Drone x2  
  36  3:16  Drone x2  
  40  3:28  Drone x2  
  40  3:29  Drone x2  
  44  3:37  Hatchery, Zergling x2  
  44  3:40  Overlord x2  
  43  3:52  Roach Warren  
  43  3:53  Drone x2, Evolution Chamber  
Tags
 
Add a new tag
Caveats
  • Supply blocks, unpowered buildings, or Contaminate may cause inaccurate times.
  • Supply counts are checked every 10 seconds.